 Dungeon Crawl Stone Soup version 0.21-a0-529-g8c7b3f5 (webtiles) character file.

20 Gerstahl the Skirmisher (level 2, 0/24 HPs)
             Began as a Demonspawn Monk on Dec 9, 2017.
             Slain by a hobgoblin (2 damage)
             ... led by Robin
             ... on level 1 of the Dungeon.
             The game lasted 00:00:43 (940 turns).

Gerstahl the Skirmisher (Demonspawn Monk)            Turns: 940, Time: 00:00:43

Health: 0/24       AC:  2    Str: 11    XL:     2   Next: 58%
Magic:  2/2        EV: 13    Int: 11    God:
Gold:   27         SH:  0    Dex: 15    Spells: 1/1 levels left

rFire    . . .     SeeInvis .   a - +0 falchion
rCold    . . .     Gourm    .   (no shield)
rNeg     . . .     Faith    .   b - +0 robe
rPois    .         Spirit   .   (no helmet)
rElec    .         Reflect  .   (no cloak)
rCorr    .         Harm     .   (no gloves)
MR       .....                  (no boots)
Stlth    ++........             (no amulet)
HPRegen  0.08/turn              (no ring)
MPRegen  0.08/turn              (no ring)

@: no status effects
A: rot immunity
a: no special abilities


You were on level 1 of the Dungeon.
You were not hungry.

You visited 1 branch of the dungeon, and saw 2 of its levels.

You collected 27 gold pieces.

Inventory:

Hand Weapons
 a - a +0 falchion (weapon)
Armour
 b - a +0 robe (worn)
Scrolls
 d - a scroll of identify {unknown}
 e - a scroll of immolation {unknown}
 f - a scroll of remove curse {unknown}
Potions
 h - 2 potions of invisibility {unknown}
Comestibles
 c - a bread ration
 g - a royal jelly


   Skills:
 + Level 3.3 Fighting
 + Level 3.0 Long Blades
 + Level 2.9 Dodging
 - Level 1.7 Stealth


You had one spell level left.
You didn't know any spells.

Dungeon Overview and Level Annotations

Branches:
Dungeon (2/15)

Altars:

Annotations:
D:2 Robin


Innate Abilities, Weirdness & Mutations

You are immune to rotting.


Message History

The hobgoblin is heavily wounded.
The goblin closely misses you.
You riposte.
You barely miss the goblin. The hobgoblin closely misses you.
You hit the hobgoblin.
You kill the hobgoblin!
The goblin hits you with a club.
* * * LOW HITPOINT WARNING * * *
You see here a club.
The goblin hits you with a club.
* * * LOW HITPOINT WARNING * * *
There is a stone staircase leading down, spattered with blood here.
You closely miss the goblin. The goblin hits you with a club.
* * * LOW HITPOINT WARNING * * *
You closely miss the goblin. The goblin barely misses you.
You riposte.
You closely miss the goblin. You hit the goblin.
You kill the goblin!
The hobgoblin misses you.
You closely miss the hobgoblin. The hobgoblin hits you.
You die...

.......#..#......^......#..###.##
.#####.##########.###########...#
.####### #.##...)..# #......
....## #.####.##.# ###...# .....#
###......##.####### #...# .##..#
#.....###.........####...# ..#..#
#.....###.#.#.###......... #....#
#.......#g#...# #......... .....#
#.....#.#@##..###......... ##.#.#
#.....#.#)##......####...# .....#
#######.#.......### #...# ##.###
#.##...#...# #.(.#
#.###########.##.###.#.### #.(.#
#.#.........#.##.#...#...# #...#
#.#.........#......#####.# ##.##
#.............##.#...#...# #.##
###.........#.##.###....#####)..


You could see a hobgoblin.

Vanquished Creatures
  A dart slug (D:1)
  A hobgoblin (D:1)
  3 kobolds (D:1)
  A bat (D:1)
  A frilled lizard (D:1)
  7 goblins
  3 rats (D:1)
17 creatures vanquished.

Notes
Turn   | Place    | Note
-------+----------+-------------------------------------------
     0 | D:1      | Gerstahl the Demonspawn Monk began the quest for the Orb.
     0 | D:1      | Reached XP level 1. HP: 18/18 MP: 1/1
   313 | D:1      | Gained mutation: You are immune to rotting. [demonic ancestry]
   313 | D:1      | Reached XP level 2. HP: 14/24 MP: 2/2
   690 | D:2      | Noticed Robin
   937 | D:1      | HP: 1/24 [goblin/club[Robin] (4)]
   940 | D:1      | Slain by a hobgoblin

Vault maps used:
D:1:      matt_arrival_grand_opening
D:2:      elyvilon_altar_3, corexii_hall_statues_u, uniq_sigmund, uniq_robin

Skill      XL: |  1  2 |
---------------+-------+-----
Long Blades    | 3 |  3.0
Fighting       | |  3.3
Dodging        | |  2.9
Stealth        | |  1.7

Action                   || total
-------------------------++-------
Melee: Falchion          ||    41
 Stab: Sleeping          ||     3
Armor: Robe              ||     6
Dodge: Dodged            ||    26
       Rpst.: Falchion   ||    10

Table legend:
 A = Spawn XP
 B = Non-spawn XP
 C = Spawn XP percentage of total XP
 D = Spawn monster count
 E = Non-spawn monster count
 F = Spawn count percentage of total count
 G = Total turns spent on level
                    A         B        C        D         E        F      G
               +---------+---------+-------+---------+---------+-------+---------
         Total |       0 |      29 |   0.0 |       0 |      17 |   0.0 |   940
               +---------+---------+-------+---------+---------+-------+---------
           D:1 |       0 |      27 |   0.0 |       0 |      16 |   0.0 |   934
           D:2 |       0 |       2 |   0.0 |       0 |       1 |   0.0 |     6
               +---------+---------+-------+---------+---------+-------+---------
